3AAA
BRINKLEY BELUGAS @ TREMONT DOUBLEDAYS
09/16/2026
 
TOP OF THE 1ST
Brinkley Belugas batting - Pitching for Tremont Doubledays : LHP Jim Unknown
Pitching: LHP Jim Unknown
Batting: RHB Randy Tucker 0-0: Ball
1-0: Ball
2-0: SINGLE (Groundball, 6MD)
Batting: RHB Leo Cadden 0-0: Called Strike
0-1: Ball
Randy Tucker steals 2nd base
1-1: Ball
2-1: Ball
3-1: Fly out, F4 (Line Drive, 4M)
Lined into DP, U4 (Line Drive, 4M)
Batting: RHB Arnold Giroux 0-0: Ball
1-0: Swinging Strike
1-1: Ball
2-1: Fly out, F7 (Flyball, 7S)
Top of the 1st over - 0 run(s), 1 hit(s), 0 error(s), 0 left on base; Brinkley 0 - Tremont 0
BOTTOM OF THE 1ST
Tremont Doubledays batting - Pitching for Brinkley Belugas : RHP Juan Montoya
Pitching: RHP Juan Montoya
Batting: LHB Cornelius Taitt 0-0: Ground out 6-3 (Groundball, 56D)
Batting: RHB Pablo Ledesma 0-0: Ball
1-0: Called Strike
1-1: Swinging Strike
1-2: Fly out, F8 (Line Drive, 8RD)
Batting: RHB Menno van de Vlugt 0-0: Ball
1-0: Called Strike
1-1: Ball
2-1: Foul Ball, location: 2F
2-2: Foul Ball, location: 2F
2-2: Strikes out swinging
Bottom of the 1st over - 0 run(s), 0 hit(s), 0 error(s), 0 left on base; Brinkley 0 - Tremont 0
TOP OF THE 2ND
Brinkley Belugas batting - Pitching for Tremont Doubledays : LHP Jim Unknown
Batting: SHB Jorećo Canosa 0-0: Ball
1-0: Swinging Strike
1-1: Ball
2-1: Called Strike
2-2: Ball
3-2: Base on Balls
Batting: LHB Mario Nieves 0-0: Swinging Strike
0-1: Ball
1-1: Called Strike
1-2: Ball
2-2: Strikes out swinging
Batting: RHB Steve Jones 0-0: Called Strike
0-1: Ball
1-1: Grounds into double play, 6-4-3 (Groundball, 6)
Top of the 2nd over - 0 run(s), 0 hit(s), 0 error(s), 0 left on base; Brinkley 0 - Tremont 0
BOTTOM OF THE 2ND
Tremont Doubledays batting - Pitching for Brinkley Belugas : RHP Juan Montoya
Batting: RHB Arturo Morales 0-0: Fly out, F7 (Flyball, 7D)
Batting: LHB SaQwan Hackett 0-0: Fly out, F8 (Flyball, 8RS)
Batting: RHB Sang Hong-Do 0-0: Ball
1-0: Foul Ball, location: 2F
1-1: Ball
2-1: SINGLE (Groundball, 4MD)
Batting: LHB Joe Sutton 0-0: Called Strike
Sang Hong-Do steals 2nd base
0-1: Foul Ball, location: 2F
0-2: Ball
1-2: Foul Ball, location: 2F
1-2: Strikes out swinging
Bottom of the 2nd over - 0 run(s), 1 hit(s), 0 error(s), 1 left on base; Brinkley 0 - Tremont 0
TOP OF THE 3RD
Brinkley Belugas batting - Pitching for Tremont Doubledays : LHP Jim Unknown
Batting: SHB Zuberi Mccray 0-0: Ball
1-0: Ball
2-0: SINGLE (Groundball, 56D)
Batting: LHB Natale Langushi 0-0: Ball
1-0: Called Strike
1-1: Swinging Strike
1-2: Fly out, F7 (Line Drive, 7)
Batting: SHB Noel King 0-0: Ball
1-0: Foul Ball, location: 2F
1-1: Fly out, F9 (Flyball, 89S)
Batting: RHB Randy Tucker 0-0: Foul Ball, location: 2F
0-1: Foul Ball, location: 2F
0-2: DOUBLE (Flyball, 7LM)
Zuberi Mccray to third
Runner from 3rd tries for Home, SAFE, throw made home
Batting: RHB Leo Cadden 0-0: SINGLE (Groundball, 6MS) (infield hit)
Randy Tucker to third
Batting: RHB Arnold Giroux 0-0: Foul Ball, location: 2F
0-1: Foul Ball, location: 2F
0-2: Ball
1-2: Ball
2-2: Ball
3-2: Strikes out swinging
Top of the 3rd over - 1 run(s), 3 hit(s), 0 error(s), 2 left on base; Brinkley 1 - Tremont 0
BOTTOM OF THE 3RD
Tremont Doubledays batting - Pitching for Brinkley Belugas : RHP Juan Montoya
Batting: RHB Jim Unknown 0-0: Foul Ball, location: 2F
0-1: Ball
1-1: Foul Ball, location: 2F
1-2: Ball
2-2: Foul Ball, location: 2F
2-2: Strikes out looking
Batting: RHB Jim Unknown 0-0: Ball
1-0: Fly out, F7 (Flyball, 7LDF)
Batting: LHB Cornelius Taitt 0-0: Ball
1-0: Ball
2-0: Called Strike
2-1: Foul Ball, location: 2F
2-2: Foul Ball, location: 2F
2-2: Ball
3-2: Foul Ball, location: 2F
3-2: Fly out, F8 (Flyball, 8LS)
Bottom of the 3rd over - 0 run(s), 0 hit(s), 0 error(s), 0 left on base; Brinkley 1 - Tremont 0
TOP OF THE 4TH
Brinkley Belugas batting - Pitching for Tremont Doubledays : LHP Jim Unknown
Batting: SHB Jorećo Canosa 0-0: Ball
1-0: Fly out, F4 (Line Drive, 4)
Batting: LHB Mario Nieves 0-0: Ball
1-0: Ball
2-0: Foul Ball, location: 2F
2-1: Fly out, F9 (Flyball, 9S)
Batting: RHB Steve Jones 0-0: Ball
1-0: Called Strike
1-1: SINGLE (Flyball, 89S)
Batting: SHB Zuberi Mccray 0-0: Called Strike
0-1: Fly out, F7 (Flyball, 78S)
Top of the 4th over - 0 run(s), 1 hit(s), 0 error(s), 1 left on base; Brinkley 1 - Tremont 0
BOTTOM OF THE 4TH
Tremont Doubledays batting - Pitching for Brinkley Belugas : RHP Juan Montoya
Now in CF: Manny Carbajal
Batting: RHB Pablo Ledesma 0-0: Ball
1-0: Called Strike
1-1: Fly out, F9 (Flyball, 9)
Batting: RHB Menno van de Vlugt 0-0: Fly out, F9 (Line Drive, 9LS)
Batting: RHB Arturo Morales 0-0: Ball
1-0: Ball
2-0: Called Strike
2-1: Ball
3-1: Foul Ball, location: 2F
3-2: Foul Ball, location: 2F
3-2: Strikes out swinging
Bottom of the 4th over - 0 run(s), 0 hit(s), 0 error(s), 0 left on base; Brinkley 1 - Tremont 0
TOP OF THE 5TH
Brinkley Belugas batting - Pitching for Tremont Doubledays : LHP Jim Unknown
Batting: LHB Natale Langushi 0-0: Called Strike
0-1: Foul Ball, location: 2F
0-2: Ball
1-2: Ball
2-2: Ground out 6-3 (Groundball, 56)
Batting: RHB Manny Carbajal 0-0: Swinging Strike
0-1: Foul Ball, location: 2F
0-2: Ball
1-2: Strikes out swinging
Batting: RHB Randy Tucker 0-0: Ball
1-0: Foul Ball, location: 2F
1-1: Ball
2-1: SINGLE (Line Drive, 89S)
Batting: RHB Leo Cadden 0-0: Called Strike
Randy Tucker steals 2nd base
0-1: Foul Ball, location: 2F
0-2: Strikes out swinging
Top of the 5th over - 0 run(s), 1 hit(s), 0 error(s), 1 left on base; Brinkley 1 - Tremont 0
BOTTOM OF THE 5TH
Tremont Doubledays batting - Pitching for Brinkley Belugas : RHP Juan Montoya
Batting: LHB SaQwan Hackett 0-0: Ball
1-0: Ball
2-0: Ball
3-0: Called Strike
3-1: Foul Ball, location: 2F
3-2: Fly out, F7 (Flyball, 7LM)
Batting: RHB Sang Hong-Do 0-0: Ball
1-0: Called Strike
1-1: Called Strike
1-2: SOLO HOME RUN (Flyball, 78D), Distance : 428 ft
Batting: LHB Joe Sutton 0-0: Ball
1-0: Called Strike
1-1: Swinging Strike
1-2: Ground out 4-3 (Groundball, 4)
Batting: RHB Jim Unknown 0-0: Ball
1-0: Ball
2-0: Ball
3-0: Called Strike
3-1: Fly out, F9 (Flyball, 9S)
Bottom of the 5th over - 1 run(s), 1 hit(s), 0 error(s), 0 left on base; Brinkley 1 - Tremont 1
TOP OF THE 6TH
Brinkley Belugas batting - Pitching for Tremont Doubledays : LHP Jim Unknown
Batting: RHB Arnold Giroux 0-0: Ball
1-0: Foul Ball, location: 2F
1-1: Ground out 4-3 (Groundball, 4)
Batting: SHB Jorećo Canosa 0-0: Called Strike
0-1: Ground out 6-3 (Groundball, 56)
Batting: LHB Mario Nieves 0-0: Called Strike
0-1: Ground out 4-3 (Groundball, 4)
Top of the 6th over - 0 run(s), 0 hit(s), 0 error(s), 0 left on base; Brinkley 1 - Tremont 1
BOTTOM OF THE 6TH
Tremont Doubledays batting - Pitching for Brinkley Belugas : RHP Juan Montoya
Batting: RHB Jim Unknown 0-0: Called Strike
0-1: Foul Ball, location: 2F
0-2: Ball
1-2: DOUBLE (Line Drive, 89D)
Batting: LHB Cornelius Taitt 0-0: Intentional Walk
Pitching: RHP Alonso Cruz
Batting: RHB Pablo Ledesma 0-0: Ball
1-0: Called Strike
1-1: SINGLE (Line Drive, 6D)
Jim Unknown to third
Cornelius Taitt to second
Runner from 3rd tries for Home, SAFE, no throw
Batting: RHB Menno van de Vlugt 0-0: Ball
1-0: Foul Ball, location: 2F
1-1: Ball
2-1: Grounds into double play, 6-4-3 (Groundball, 6)
Cornelius Taitt to third
Batting: RHB Arturo Morales 0-0: Called Strike
0-1: Swinging Strike
0-2: Ball
1-2: 2-RUN HOME RUN (Flyball, 8RXD), Distance : 443 ft
Batting: LHB SaQwan Hackett 0-0: Ball
1-0: Foul Ball, location: 2F
1-1: Foul Ball, location: 2F
1-2: Strikes out swinging
Bottom of the 6th over - 3 run(s), 3 hit(s), 0 error(s), 0 left on base; Brinkley 1 - Tremont 4
TOP OF THE 7TH
Brinkley Belugas batting - Pitching for Tremont Doubledays : LHP Jim Unknown
Batting: RHB Steve Jones 0-0: Called Strike
0-1: Swinging Strike
0-2: Ball
1-2: Ball
2-2: Foul Ball, location: 2F
2-2: Strikes out swinging
Batting: SHB Zuberi Mccray 0-0: Called Strike
0-1: Ball
1-1: Called Strike
1-2: Ball
2-2: Foul Ball, location: 2F
2-2: SINGLE (Line Drive, 6MD)
Batting: LHB Natale Langushi 0-0: Ball
1-0: Called Strike
1-1: Foul Ball, location: 2F
1-2: Ball
2-2: Strikes out swinging
Batting: RHB Manny Carbajal 0-0: Fielders Choice at 2nd, 6-4 (Groundball, 6)
Top of the 7th over - 0 run(s), 1 hit(s), 0 error(s), 0 left on base; Brinkley 1 - Tremont 4
BOTTOM OF THE 7TH
Tremont Doubledays batting - Pitching for Brinkley Belugas : RHP Alonso Cruz
Batting: RHB Sang Hong-Do 0-0: Called Strike
0-1: Ball
1-1: Called Strike
1-2: Ball
2-2: SINGLE (Line Drive, 7S)
Batting: LHB Joe Sutton 0-0: Foul Ball, location: 2F
0-1: Ball
Sang Hong-Do steals 2nd base
1-1: Intentional Walk
Batting: RHB Jim Unknown 0-0: Sac Bunt - play at first, batter OUT! 5-3
Sang Hong-Do to third
Joe Sutton to second
Batting: RHB Jim Unknown 0-0: Foul Ball, location: 2F
0-1: Ground out 6-3 (Groundball, 56)
Batting: LHB Cornelius Taitt 0-0: Intentional Walk
Batting: RHB Pablo Ledesma 0-0: Called Strike
0-1: Swinging Strike
0-2: Ball
1-2: Strikes out swinging
Bottom of the 7th over - 0 run(s), 1 hit(s), 0 error(s), 3 left on base; Brinkley 1 - Tremont 4
TOP OF THE 8TH
Brinkley Belugas batting - Pitching for Tremont Doubledays : LHP Jim Unknown
Batting: RHB Randy Tucker 0-0: Ball
1-0: Ball
2-0: Foul Ball, location: 2F
2-1: Ball
3-1: Foul Ball, location: 2F
3-2: DOUBLE (Line Drive, 78D)
Batting: RHB Leo Cadden 0-0: Swinging Strike
0-1: Ball
1-1: Foul Ball, location: 2F
1-2: Ground out 5-3 (Groundball, 56S)
Randy Tucker to third
Pitching: LHP Jim Unknown
Batting: RHB Arnold Giroux 0-0: SINGLE (Line Drive, 89S)
Randy Tucker scores
Batting: SHB Jorećo Canosa 0-0: Ball
1-0: Called Strike
1-1: Ball
2-1: Ball
3-1: Grounds into double play, 6-4-3 (Groundball, 6)
Top of the 8th over - 1 run(s), 2 hit(s), 0 error(s), 0 left on base; Brinkley 2 - Tremont 4
BOTTOM OF THE 8TH
Tremont Doubledays batting - Pitching for Brinkley Belugas : RHP Alonso Cruz
Batting: RHB Menno van de Vlugt 0-0: Foul Ball, location: 2F
0-1: Ball
1-1: SINGLE (Flyball, 89S)
Batting: RHB Arturo Morales 0-0: Called Strike
0-1: Ball
1-1: Swinging Strike
1-2: Foul Ball, location: 2F
1-2: Ball
2-2: Strikes out looking
Batting: LHB SaQwan Hackett 0-0: Ball
1-0: Ball
2-0: Ball
3-0: Called Strike
3-1: Base on Balls
Menno van de Vlugt to second
Pitching: LHP Jim Unknown
Batting: RHB Sang Hong-Do 0-0: Ball
1-0: Ball
2-0: Ball
3-0: Foul Ball, location: 2F
3-1: Foul Ball, location: 2F
3-2: Foul Ball, location: 2F
3-2: Base on Balls
Menno van de Vlugt to third
SaQwan Hackett to second
Batting: LHB Joe Sutton 0-0: Called Strike
0-1: Ball
1-1: Ball
2-1: Fly out, F4 (Line Drive, 4)
Batting: RHB Jim Unknown 0-0: Fielders Choice at 2nd, 4-6 (Groundball, 4)
Bottom of the 8th over - 0 run(s), 1 hit(s), 0 error(s), 2 left on base; Brinkley 2 - Tremont 4
TOP OF THE 9TH
Brinkley Belugas batting - Pitching for Tremont Doubledays : LHP Jim Unknown
Batting: LHB Mario Nieves 0-0: Called Strike
0-1: Ball
1-1: Ground out 4-3 (Groundball, 34)
Batting: RHB Steve Jones 0-0: Ball
1-0: Foul Ball, location: 2F
1-1: Foul Ball, location: 2F
1-2: Foul Ball, location: 2F
1-2: Ball
2-2: Foul Ball, location: 2F
2-2: Ball
3-2: Foul Ball, location: 2F
3-2: Foul Ball, location: 2F
3-2: SINGLE (Groundball, 56D)
Pinch Hitting: RHB Brandon Cole 0-0: Ball
1-0: Ball
2-0: Called Strike
2-1: Ball
3-1: Base on Balls
Steve Jones to second
Batting: LHB Natale Langushi 0-0: Foul Ball, location: 2F
0-1: Foul Ball, location: 2F
0-2: Ball
1-2: Ball
Passed Ball!
Steve Jones to third
Brandon Cole to second
2-2: Ball
3-2: Fly out, F7 (Flyball, 7D)
Runner from 3rd tags up, SCORES, no throw
Pinch Hitting: RHB Shawn Hicks 0-0: Foul Ball, location: 2F
0-1: Called Strike
0-2: Foul Ball, location: 2F
0-2: Ball
1-2: Ball
2-2: Ball
3-2: Base on Balls
Pinch Runner at 2nd Marcos Deleón:
Batting: RHB Randy Tucker 0-0: Called Strike
0-1: Ball
1-1: Called Strike
1-2: Fielders Choice at 2nd, 5-4 (Groundball, 56)
Top of the 9th over - 1 run(s), 1 hit(s), 0 error(s), 1 left on base; Brinkley 3 - Tremont 4
Monday, March 20th, 2017 - OOTP Baseball 17.12 Build 75